Workbook

Sheet Entrées
A1: Modèle Excel - CA, Résultat Net, EBITDA & Ratios (v2)
A4: Guides d'utilisation :
A5: Mois | B5: Chiffre_d_Affaires | C5: Couts_Directs | D5: Charges_Operationnelles | E5: Amortissements | F5: Charges_Financieres | G5: Impots
A6: Janvier | B6: 50000 | C6: 30000 | D6: 10000 | E6: 2000 | F6: 800 | G6: 1200
A7: Février | B7: 48000 | C7: 29500 | D7: 9500 | E7: 2000 | F7: 820 | G7: 1100
A8: Mars | B8: 52000 | C8: 31000 | D8: 10200 | E8: 2000 | F8: 790 | G8: 1300
A9: Avril | B9: 55000 | C9: 32000 | D9: 11000 | E9: 2000 | F9: 780 | G9: 1400
A10: Mai | B10: 60000 | C10: 34500 | D10: 11200 | E10: 2000 | F10: 770 | G10: 1600
A11: Juin | B11: 58000 | C11: 33800 | D11: 10800 | E11: 2000 | F11: 760 | G11: 1500
A12: Juillet | B12: 62000 | C12: 35200 | D12: 11500 | E12: 2000 | F12: 750 | G12: 1700
A13: Août | B13: 64000 | C13: 36000 | D13: 11800 | E13: 2000 | F13: 740 | G13: 1750
A14: Septembre | B14: 61000 | C14: 34200 | D14: 11600 | E14: 2000 | F14: 730 | G14: 1650
A15: Octobre | B15: 65000 | C15: 35800 | D15: 12000 | E15: 2000 | F15: 720 | G15: 1800
A16: Novembre | B16: 67000 | C16: 36900 | D16: 12200 | E16: 2000 | F16: 710 | G16: 1900
A17: Décembre | B17: 70000 | C17: 38500 | D17: 12500 | E17: 2000 | F17: 700 | G17: 2000

Sheet Calculs
A1: Mois | B1: CA | C1: Couts_Directs | D1: Charges_Op | E1: Marge_Brute | F1: EBITDA | G1: Amortissements | H1: Res_Exploitation | I1: Charges_Fin | J1: Impots | K1: Résultat_Net
A2: Janvier | B2: =Entrées!B6 -> 0 | C2: =Entrées!C6 -> 0 | D2: =Entrées!D6 -> 0 | E2: =B2-C2 -> 0 | F2: =E2-D2 -> 0 | G2: =Entrées!E6 -> 0 | H2: =F2-G2 -> 0 | I2: =Entrées!F6 -> 0 | J2: =Entrées!G6 -> 0 | K2: =H2-I2-J2 -> 0
A3: Février | B3: =Entrées!B7 -> 0 | C3: =Entrées!C7 -> 0 | D3: =Entrées!D7 -> 0 | E3: =B3-C3 -> 0 | F3: =E3-D3 -> 0 | G3: =Entrées!E7 -> 0 | H3: =F3-G3 -> 0 | I3: =Entrées!F7 -> 0 | J3: =Entrées!G7 -> 0 | K3: =H3-I3-J3 -> 0
A4: Mars | B4: =Entrées!B8 -> 0 | C4: =Entrées!C8 -> 0 | D4: =Entrées!D8 -> 0 | E4: =B4-C4 -> 0 | F4: =E4-D4 -> 0 | G4: =Entrées!E8 -> 0 | H4: =F4-G4 -> 0 | I4: =Entrées!F8 -> 0 | J4: =Entrées!G8 -> 0 | K4: =H4-I4-J4 -> 0
A5: Avril | B5: =Entrées!B9 -> 0 | C5: =Entrées!C9 -> 0 | D5: =Entrées!D9 -> 0 | E5: =B5-C5 -> 0 | F5: =E5-D5 -> 0 | G5: =Entrées!E9 -> 0 | H5: =F5-G5 -> 0 | I5: =Entrées!F9 -> 0 | J5: =Entrées!G9 -> 0 | K5: =H5-I5-J5 -> 0
A6: Mai | B6: =Entrées!B10 -> 0 | C6: =Entrées!C10 -> 0 | D6: =Entrées!D10 -> 0 | E6: =B6-C6 -> 0 | F6: =E6-D6 -> 0 | G6: =Entrées!E10 -> 0 | H6: =F6-G6 -> 0 | I6: =Entrées!F10 -> 0 | J6: =Entrées!G10 -> 0 | K6: =H6-I6-J6 -> 0
A7: Juin | B7: =Entrées!B11 -> 0 | C7: =Entrées!C11 -> 0 | D7: =Entrées!D11 -> 0 | E7: =B7-C7 -> 0 | F7: =E7-D7 -> 0 | G7: =Entrées!E11 -> 0 | H7: =F7-G7 -> 0 | I7: =Entrées!F11 -> 0 | J7: =Entrées!G11 -> 0 | K7: =H7-I7-J7 -> 0
A8: Juillet | B8: =Entrées!B12 -> 0 | C8: =Entrées!C12 -> 0 | D8: =Entrées!D12 -> 0 | E8: =B8-C8 -> 0 | F8: =E8-D8 -> 0 | G8: =Entrées!E12 -> 0 | H8: =F8-G8 -> 0 | I8: =Entrées!F12 -> 0 | J8: =Entrées!G12 -> 0 | K8: =H8-I8-J8 -> 0
A9: Août | B9: =Entrées!B13 -> 0 | C9: =Entrées!C13 -> 0 | D9: =Entrées!D13 -> 0 | E9: =B9-C9 -> 0 | F9: =E9-D9 -> 0 | G9: =Entrées!E13 -> 0 | H9: =F9-G9 -> 0 | I9: =Entrées!F13 -> 0 | J9: =Entrées!G13 -> 0 | K9: =H9-I9-J9 -> 0
A10: Septembre | B10: =Entrées!B14 -> 0 | C10: =Entrées!C14 -> 0 | D10: =Entrées!D14 -> 0 | E10: =B10-C10 -> 0 | F10: =E10-D10 -> 0 | G10: =Entrées!E14 -> 0 | H10: =F10-G10 -> 0 | I10: =Entrées!F14 -> 0 | J10: =Entrées!G14 -> 0 | K10: =H10-I10-J10 -> 0
A11: Octobre | B11: =Entrées!B15 -> 0 | C11: =Entrées!C15 -> 0 | D11: =Entrées!D15 -> 0 | E11: =B11-C11 -> 0 | F11: =E11-D11 -> 0 | G11: =Entrées!E15 -> 0 | H11: =F11-G11 -> 0 | I11: =Entrées!F15 -> 0 | J11: =Entrées!G15 -> 0 | K11: =H11-I11-J11 -> 0
A12: Novembre | B12: =Entrées!B16 -> 0 | C12: =Entrées!C16 -> 0 | D12: =Entrées!D16 -> 0 | E12: =B12-C12 -> 0 | F12: =E12-D12 -> 0 | G12: =Entrées!E16 -> 0 | H12: =F12-G12 -> 0 | I12: =Entrées!F16 -> 0 | J12: =Entrées!G16 -> 0 | K12: =H12-I12-J12 -> 0
A13: Décembre | B13: =Entrées!B17 -> 0 | C13: =Entrées!C17 -> 0 | D13: =Entrées!D17 -> 0 | E13: =B13-C13 -> 0 | F13: =E13-D13 -> 0 | G13: =Entrées!E17 -> 0 | H13: =F13-G13 -> 0 | I13: =Entrées!F17 -> 0 | J13: =Entrées!G17 -> 0 | K13: =H13-I13-J13 -> 0

Sheet Ratios
A1: Mois | B1: EBITDA/CA | C1: Résultat_Net/CA | D1: Croissance_CA_mensuelle | E1: Marge_Brute/CA
A2: Janvier | B2: =IFERROR(Calculs!F2/Calculs!B2,0) -> 0 | C2: =IFERROR(Calculs!K2/Calculs!B2,0) -> 0 | E2: =IFERROR(Calculs!E2/Calculs!B2,0) -> 0
A3: Février | B3: =IFERROR(Calculs!F3/Calculs!B3,0) -> 0 | C3: =IFERROR(Calculs!K3/Calculs!B3,0) -> 0 | D3: =IFERROR((Calculs!B3-Calculs!B2)/Calculs!B2,0) -> 0 | E3: =IFERROR(Calculs!E3/Calculs!B3,0) -> 0
A4: Mars | B4: =IFERROR(Calculs!F4/Calculs!B4,0) -> 0 | C4: =IFERROR(Calculs!K4/Calculs!B4,0) -> 0 | D4: =IFERROR((Calculs!B4-Calculs!B3)/Calculs!B3,0) -> 0 | E4: =IFERROR(Calculs!E4/Calculs!B4,0) -> 0
A5: Avril | B5: =IFERROR(Calculs!F5/Calculs!B5,0) -> 0 | C5: =IFERROR(Calculs!K5/Calculs!B5,0) -> 0 | D5: =IFERROR((Calculs!B5-Calculs!B4)/Calculs!B4,0) -> 0 | E5: =IFERROR(Calculs!E5/Calculs!B5,0) -> 0
A6: Mai | B6: =IFERROR(Calculs!F6/Calculs!B6,0) -> 0 | C6: =IFERROR(Calculs!K6/Calculs!B6,0) -> 0 | D6: =IFERROR((Calculs!B6-Calculs!B5)/Calculs!B5,0) -> 0 | E6: =IFERROR(Calculs!E6/Calculs!B6,0) -> 0
A7: Juin | B7: =IFERROR(Calculs!F7/Calculs!B7,0) -> 0 | C7: =IFERROR(Calculs!K7/Calculs!B7,0) -> 0 | D7: =IFERROR((Calculs!B7-Calculs!B6)/Calculs!B6,0) -> 0 | E7: =IFERROR(Calculs!E7/Calculs!B7,0) -> 0
A8: Juillet | B8: =IFERROR(Calculs!F8/Calculs!B8,0) -> 0 | C8: =IFERROR(Calculs!K8/Calculs!B8,0) -> 0 | D8: =IFERROR((Calculs!B8-Calculs!B7)/Calculs!B7,0) -> 0 | E8: =IFERROR(Calculs!E8/Calculs!B8,0) -> 0
A9: Août | B9: =IFERROR(Calculs!F9/Calculs!B9,0) -> 0 | C9: =IFERROR(Calculs!K9/Calculs!B9,0) -> 0 | D9: =IFERROR((Calculs!B9-Calculs!B8)/Calculs!B8,0) -> 0 | E9: =IFERROR(Calculs!E9/Calculs!B9,0) -> 0
A10: Septembre | B10: =IFERROR(Calculs!F10/Calculs!B10,0) -> 0 | C10: =IFERROR(Calculs!K10/Calculs!B10,0) -> 0 | D10: =IFERROR((Calculs!B10-Calculs!B9)/Calculs!B9,0) -> 0 | E10: =IFERROR(Calculs!E10/Calculs!B10,0) -> 0
A11: Octobre | B11: =IFERROR(Calculs!F11/Calculs!B11,0) -> 0 | C11: =IFERROR(Calculs!K11/Calculs!B11,0) -> 0 | D11: =IFERROR((Calculs!B11-Calculs!B10)/Calculs!B10,0) -> 0 | E11: =IFERROR(Calculs!E11/Calculs!B11,0) -> 0
A12: Novembre | B12: =IFERROR(Calculs!F12/Calculs!B12,0) -> 0 | C12: =IFERROR(Calculs!K12/Calculs!B12,0) -> 0 | D12: =IFERROR((Calculs!B12-Calculs!B11)/Calculs!B11,0) -> 0 | E12: =IFERROR(Calculs!E12/Calculs!B12,0) -> 0
A13: Décembre | B13: =IFERROR(Calculs!F13/Calculs!B13,0) -> 0 | C13: =IFERROR(Calculs!K13/Calculs!B13,0) -> 0 | D13: =IFERROR((Calculs!B13-Calculs!B12)/Calculs!B12,0) -> 0 | E13: =IFERROR(Calculs!E13/Calculs!B13,0) -> 0

Sheet Dashboard
A1: Dashboard Commercial & Financier (v2)
A4: Vue 1 : CA vs EBITDA (Mensuel)
A22: Vue 2 : Ratios clés (EBITDA/CA & Résultat Net/CA)
